 Dungeon Crawl Stone Soup version 0.29-a0-575-g0dc89cf053 (webtiles) character file.

Game seed: 18074192395864706984

11350 HoaS the Grappler (level 11, -5/111 HPs)
             Began as a Troll Gladiator on June 12, 2022.
             Was a High Priest of Okawaru.
             Slain by a skeletal warrior
             ... wielding a +0 trident
              (18 damage)
             ... on level 11 of the Dungeon.
             The game lasted 00:18:28 (7573 turns).

HoaS the Grappler (Troll Gladiator)                 Turns: 7573, Time: 00:18:29

Health: -5/111     AC: 10    Str: 24    XL:     11   Next: 48%
Magic:  6/12       EV: 20    Int:  4    God:    Okawaru [*****.]
Gold:   636        SH:  0    Dex: 15    Spells: 10/10 levels left

rFire   . . .      SeeInvis +     - Unarmed
rCold   + . .      Faith    .   (no shield)
rNeg    + + +      Spirit   .   x - +0 steam dragon scales
rPois   .          Reflect  .   b - +1 hat
rElec   .          Harm     .   H - +0 cloak
rCorr   .          Rampage  .   (gloves unavailable)
Will    .....                   (boots unavailable)
Stlth   ++........              (no amulet)
HPRegen 1.08/turn               A - ring "Uxadda Laci" {rC+ rN+++ EV+4 SInv Stlth-}
MPRegen 0.13/turn               u - +4 ring of slaying

@: about to teleport, heroic, finesse-ful
A: large, unfitting armour, claws 3, regeneration 1, shaggy fur 1, tough skin 1
a: Renounce Religion, Heroism, Finesse, Duel


You were on level 11 of the Dungeon.
You worshipped Okawaru.
Okawaru was extremely pleased with you.
You visited 2 branches of the dungeon, and saw 12 of its levels.

You collected 636 gold pieces.

Inventory:

Missiles
 a - 3 javelins (quivered)
 c - a curare-tipped dart
 d - 6 large rocks
 j - 3 boomerangs
 k - 37 poisoned darts
 F - 3 datura-tipped darts
Armour
 b - a +1 hat (worn)
 x - +0 steam dragon scales (worn)
 H - a +0 cloak (worn)
Jewellery
 f - a ring of poison resistance
 l - a ring of see invisible
 u - a +4 ring of slaying (right claw)
 A - the ring "Uxadda Laci" (left claw) {rC+ rN+++ EV+4 SInv Stlth-}
   (You acquired it on level 8 of the Dungeon)

   [ring of evasion]

   EV:        It affects your evasion (+4).
   rC:        It protects you from cold.
   rN:        It renders you almost immune to negative energy.
   SInv:      It lets you see invisible.
   Stlth:     It makes you less stealthy.
Wands
 o - a wand of iceblast (8)
 p - a wand of acid (12)
 q - a wand of polymorph (9)
Scrolls
 h - 3 scrolls of teleportation
 i - 2 scrolls of enchant armour
 r - 3 scrolls of poison
 y - 4 scrolls of fear
 B - a scroll of enchant weapon {unknown}
 C - a scroll of fog
 E - 2 scrolls of identify
 G - a scroll of torment {unknown}
Potions
 e - 3 potions of cancellation
 g - 4 potions of heal wounds
 m - a potion of curing
 n - 3 potions of might
 s - 4 potions of haste
 t - 3 potions of attraction
 v - a potion of flight {unknown}
 w - a potion of mutation {unknown}
 z - a potion of ambrosia {unknown}
 D - a potion of resistance {unknown}


   Skills:
 + Level 8.2(13.2) Fighting
 + Level 5.4(10.4) Throwing
 + Level 8.3(13.3) Dodging
 + Level 11.2(16.2) Unarmed Combat
 - Level 3.0 Invocations


You had 10 spell levels left.
You didn't know any spells.
Your spell library contained the following spells:

 Spells                   Type           Power      Damage    Failure   Level
 Freeze                   Ice            0%         1d3       50%         1
 Magic Dart               Conj           0%         1d3       50%         1
 Sting                    Tmut/Pois      0%         1d3       50%         1
 Poisonous Vapours        Pois/Air       0%         N/A       65%         2
 Searing Ray              Conj           0%         2d4       65%         2
 Frozen Ramparts          Ice            0%         1d2       86%         3
 Fulminant Prism          Conj/Hex       0%         3d6       99%         4
 Hailstorm                Conj/Ice       0%         3d3       99%         4
 Ice Form                 Ice/Tmut       0%         N/A       99%         4
 Olgreb's Toxic Radiance  Pois           0%         N/A       99%         4
 Blade Hands              Tmut           0%         N/A       100%        5
 Borgnjor's Vile Clutch   Necr/Erth      0%         N/A       100%        5
 Iron Shot                Conj/Erth      0%         9d1       100%        6
 Orb of Destruction       Conj           0%         9d5       100%        7
 Summon Guardian Golem    Hex/Summ       Unusable   N/A       N/A         3
 Animate Armour           Summ/Erth      Unusable   N/A       N/A         4
 Animate Dead             Necr           Unusable   N/A       N/A         4
 Summon Ice Beast         Ice/Summ       Unusable   N/A       N/A         4
 Death Channel            Necr           Unusable   N/A       N/A         6
 Spellforged Servitor     Conj/Summ      Unusable   N/A       N/A         7

Dungeon Overview and Level Annotations

Branches:
Dungeon (11/15)            Temple (1/1) D:5            Lair (0/6) D:11
    Orc: D:9-12

Altars:
Ashenzari
Cheibriados
Dithmenos
Elyvilon
Fedhas
Gozag
Hepliaklqana
Kikubaaqudgha
Makhleb
Nemelex Xobeh
Okawaru
Qazlal
Ru
Sif Muna
Trog
Uskayaw
Vehumet
Wu Jian
Xom
Yredelemnul
Zin
The Shining One
Beogh

Shops:
D:6 [

Annotations:
D:6 3 runed translucent doors, Grimalkyne's ghost, novice MeEE
D:8 exclusion: orange crystal statue
D:11 Sonja


Innate Abilities, Weirdness & Mutations

You are too large for most types of armour.
You have claws for hands.
Your natural rate of healing is unusually fast.
You are covered in fur. (AC +1)
You have tough skin. (AC +1)


Message History

The skeletal warrior hits you with a +0 flail!
You hear a bellow!
You eviscerate the skeletal warrior!!!
You claw the skeletal warrior, but do no damage.
The skeletal warrior is severely damaged.
You barely miss the skeletal warrior.
The skeletal warrior is severely damaged.
The skeletal warrior hits you with a +0 flail!
You mangle the skeletal warrior!!
You destroy the skeletal warrior!
Okawaru accepts your kill.
The skeletal warrior closely misses you.
The skeletal warrior hits you from afar with a +0 trident!
Things that are here:
a +0 flail; a boulder beetle corpse
Okay, then.
You can now deal lightning-fast blows.
The skeletal warrior completely misses you.
The skeletal warrior hits you from afar with a +0 trident.
You scratch the skeletal warrior.
The skeletal warrior is lightly damaged.
You scratch the skeletal warrior but do no damage.
The skeletal warrior is lightly damaged.
The skeletal warrior hits you with a +0 trident!
The skeletal warrior hits you from afar with a +0 trident!
You are too injured to fight recklessly!
You are too injured to fight recklessly!
You are too injured to fight recklessly!
The skeletal warrior attacks as you move away!
The skeletal warrior hits you with a +0 trident!
* * * LOW HITPOINT WARNING * * *
The howler monkey hoots and howls with incredible vigour!
The skeletal warrior hits you from afar with a +0 trident!
* * * LOW HITPOINT WARNING * * *
You hear a bellow!
You are too injured to fight recklessly!
As you read the scroll of teleportation, it crumbles to dust.
You feel strangely unstable.
The skeletal warrior hits you from afar with a +0 trident!!
You die...

. #########
....#########.........#
#...hzz.@.##...^.....#
.....$####..#.>.......#
..... ##.#.........#
.... #...........# ...
###.........# ..
######.........# .
#..............#
.......#....>....#
...#######.........#


You could see 2 skeletal warriors and a howler monkey (catching breath).

Vanquished Creatures
  A boulder beetle (D:11)
  A two-headed ogre (D:10)
  A skeletal warrior (D:11)
  A manticore (D:11)
  Psyche (D:10)
  2 gargoyles
  2 unseen horrors (D:10)
  2 trolls
  A hornet (D:9)
  Sigmund (D:2)
  2 shadows (D:10)
  A wyvern (D:10)
  13 yaks
  5 steam dragons
  3 water moccasins
  An acid dragon (D:9)
  4 ice beasts
  2 sky beasts
  A black bear (D:6)
  3 ogres
  4 centaurs
  4 kobold brigands
  A bullfrog (D:6)
  Blork the orc (D:4)
  A gnoll sergeant (D:7)
  A necrophage (D:6)
  2 scorpions (D:5)
  15 wights
  5 howler monkeys
  3 hounds
  3 jellies
  2 orc priests
  A gnoll shaman (D:8)
  7 iguanas
  6 orc wizards
  A statue (D:3)
  10 adders
  7 gnolls
  2 shadow imps
  3 white imps
  A dart slug (D:4)
  22 orcs
  6 ball pythons
  5 bats
  3 endoplasms
  3 giant cockroaches
  6 goblins
  8 hobgoblins
  2 quokkas (D:1)
  2 frilled lizards
  20 kobolds
  6 rats
211 creatures vanquished.

Vanquished Creatures (others)
  14 plants (D:11)
14 creatures vanquished.

Grand Total: 225 creatures vanquished

Notes
Turn   | Place    | Note
-------+----------+-------------------------------------------
     0 | D:1      | HoaS the Troll Gladiator began the quest for the Orb.
     0 | D:1      | Reached XP level 1. HP: 19/19 MP: 0/0
    80 | D:1      | Reached XP level 2. HP: 25/27 MP: 1/1
   138 | D:1      | Reached skill level 4 in Unarmed Combat
   224 | D:1      | Found a faded altar of an unknown god.
   314 | D:1      | Reached XP level 3. HP: 30/33 MP: 2/2
   838 | D:2      | Noticed Sigmund
   851 | D:2      | Killed Sigmund
   852 | D:2      | Reached skill level 6 in Unarmed Combat
   852 | D:2      | Reached XP level 4. HP: 33/42 MP: 3/3
   852 | D:2      | Reached XP level 5. HP: 38/49 MP: 4/4
  1436 | D:3      | Noticed an ogre
  1443 | D:3      | Killed an ogre
  1444 | D:3      | Reached XP level 6. HP: 57/57 MP: 5/5
  1578 | D:3      | You fall into a shaft and drop 2 floors!
  1578 | D:5      | Entered Level 5 of the Dungeon
  1592 | D:5      | Noticed a water moccasin
  1609 | D:5      | Killed a water moccasin
  1742 | D:3      | Found a radiant altar of Vehumet.
  1766 | D:3      | Reached XP level 7. HP: 62/66 MP: 6/6
  2575 | D:4      | Noticed Blork the orc
  2586 | D:4      | Killed Blork the orc
  2693 | D:4      | Reached skill level 7 in Unarmed Combat
  2926 | D:5      | Reached XP level 8. HP: 75/78 MP: 7/7
  3149 | D:5      | Found a staircase to the Ecumenical Temple.
  3160 | Temple   | Entered the Ecumenical Temple
  3377 | Temple   | Became a worshipper of Warmaster Okawaru
  3493 | D:5      | Reached skill level 1 in Invocations
  3918 | D:6      | Found a sacrificial altar of Ru.
  3935 | D:6      | Reached * piety under Okawaru
  3948 | D:6      | Reached skill level 5 in Dodging
  3948 | D:6      | Reached skill level 8 in Unarmed Combat
  4188 | D:6      | Reached XP level 9. HP: 87/87 MP: 10/10
  4195 | D:6      | Found a runed translucent gate.
  4195 | D:6      | Found a runed translucent gate.
  4195 | D:6      | Found a runed translucent gate.
  4233 | D:6      | Reached ** piety under Okawaru
  4237 | D:6      | Reached skill level 5 in Fighting
  4336 | D:6      | Noticed Grimalkyne's ghost (novice MeEE)
  4394 | D:6      | Found Kibak's Antique Armour Boutique.
  4740 | D:7      | Reached skill level 9 in Unarmed Combat
  5206 | D:8      | Noticed a gargoyle
  5216 | D:8      | Killed a gargoyle
  5216 | D:8      | Reached *** piety under Okawaru
  5421 | D:8      | Identified a scroll of acquirement
  5421 | D:8      | Acquired the ring "Uxadda Laci" {rC+ rN+++ EV+4 SInv
                  | Stlth-}
  5444 | D:8      | Reached XP level 10. HP: 100/100 MP: 11/11
  5482 | D:8      | Reached **** piety under Okawaru
  5625 | D:8      | Noticed an orange crystal statue
  5716 | D:8      | Found a broken altar of Ashenzari.
  6042 | D:9      | Reached skill level 10 in Unarmed Combat
  6327 | D:9      | Reached ***** piety under Okawaru
  6431 | D:9      | Received a gift from Okawaru
  6547 | D:10     | Entered Level 10 of the Dungeon
  6582 | D:10     | Noticed a two-headed ogre
  6591 | D:10     | Killed a two-headed ogre
  6625 | D:10     | Received a gift from Okawaru
  6655 | D:10     | Reached XP level 11. HP: 98/109 MP: 12/12
  7129 | D:10     | Noticed Psyche
  7136 | D:10     | Killed Psyche
  7346 | D:11     | Found a staircase to the Lair.
  7360 | D:11     | Noticed a skeletal warrior
  7362 | D:11     | Noticed a skeletal warrior
  7362 | D:11     | Noticed a skeletal warrior
  7374 | D:11     | Reached skill level 11 in Unarmed Combat
  7381 | D:11     | Noticed Sonja
  7459 | D:11     | Reached skill level 5 in Throwing
  7549 | D:11     | Noticed a boulder beetle
  7562 | D:11     | Killed a boulder beetle
  7566 | D:11     | Killed a skeletal warrior
  7573 | D:11     | Slain by a skeletal warrior

Illustrated notes

Levels and vault maps discovered:
D:1:      tarquinn_simple_flora_water_d, layout_basic,
          ebering_ecumenical_altar_ruins
D:2:      layout_rooms, uniq_sigmund
D:3:      layout_loops_ring, vehumet_statue, kennysheep_orc_chapel
D:4:      layout_gridville, uniq_blork_the_orc
D:5:      layout_cave_pods, minmay_temple_entry_butterflies
D:6:      layout_cave_pools, old_standard_altar, serial_shops,
          nicolae_lakefront_shop, gammafunk_ghost_icy
D:7:      layout_loops_ring, serial_glass, glass_columns_a, glass_columns_a,
          hellmonk_bongcloud_opening
D:8:      minmay_statue_hallways, layout_basic, kennysheep_mini_moat
D:9:      layout_big_octagon
D:10:     layout_basic, dk_noncrumbling_4, uniq_psyche
D:11:     layout_rooms, dpeg_oklobed_lair, uniq_urug, uniq_sonja
Temple:   mainiacjoe_temple_bowtie_tessellation

Skill      XL: |  1  2  3  4  5  6  7  8  9 10 11 |
---------------+----------------------------------+-----
Unarmed Combat | 4 6 7 8 9 10 11 | 11.2
Throwing       | 2 3 4 5 |  5.4
Fighting       | 2 3 4 6 7 8 |  8.2
Dodging        | 3 4 5 6 7 8 |  8.3
Invocations    | 2 3 |  3.0

Action                   |  1- 3 |  4- 6 |  7- 9 | 10-12 || total
-------------------------+-------+-------+-------+-------++-------
Melee: Unarmed           |    64 |    62 |   290 |   201 ||   617
       Punch             |     1 |     2 |    15 |    21 ||    39
Throw: Javelin           |       |     2 |     1 |     2 ||     5
       Throwing net      |       |     1 |     1 |     1 ||     3
Invok: Heroism           |       |       |       |     3 ||     3
       Finesse           |       |       |       |     1 ||     1
  Use: Scroll            |     4 |     6 |     8 |     2 ||    20
       Potion            |       |       |     1 |       ||     1
 Stab: Sleeping          |     1 |       |     3 |       ||     4
       Held in net/web   |       |     1 |       |       ||     1
       Distracted        |       |       |     1 |       ||     1
Armor: Robe              |    15 |    18 |    85 |       ||   118
       Steam dragon scal |       |       |     9 |    49 ||    58
Dodge: Dodged            |    29 |    21 |   134 |   169 ||   353

Table legend: (Time is in decaauts)
 A = Elapsed time spent in this place.
 B = Non-inter-level travel time spent in this place.
 C = Inter-level travel time spent in this place.
 D = Time resting spent in this place.
 E = Time spent auto-exploring this place.
 F = Levels seen in this place.
 G = Mean time per level.
                   A        B        C        D        E       F      G
               +--------+--------+--------+--------+--------+-----+--------+
         Total |   7485 |   7165 |    320 |    641 |   5014 |  12 |  623.8 |
       Dungeon |   7258 |   6958 |    300 |    641 |   4823 |  11 |  659.8 |
        Temple |    226 |    206 |     20 |      0 |    191 |   1 |  226.0 |
               +--------+--------+--------+--------+--------+-----+--------+

Top non-repeatable levels by time:
     D:5: 939 daAuts
     D:8: 902 daAuts
    D:10: 853 daAuts
     D:3: 780 daAuts
     D:1: 686 daAuts
     D:7: 670 daAuts
     D:4: 640 daAuts
     D:2: 613 daAuts
     D:6: 573 daAuts
     D:9: 440 daAuts
  Temple: 226 daAuts
    D:11: 158 daAuts
